 Dungeon Crawl Stone Soup version 0.21.1-1-g345015fe64 (webtiles) character file.

185 HypnoRock the Chopper (level 5, -16/45 HPs)
             Began as a Hill Orc Fighter on June 11, 2018.
             Demolished by an orc knight
             ... wielding a +2 dire flail
             ... created by the wrath of Beogh
              (24 damage)
             ... on level 3 of the Dungeon.
             The game lasted 00:14:23 (2227 turns).

HypnoRock the Chopper (Hill Orc Fighter)            Turns: 2227, Time: 00:14:23

Health: -16/45     AC:  9    Str: 20    XL:     5   Next: 64%
Magic:  5/5        EV:  9    Int:  8    God:
Gold:   117        SH:  0    Dex: 10    Spells: 4/4 levels left

rFire    . . .     SeeInvis .   a - +0 war axe
rCold    . . .     Gourm    .   (no shield)
rNeg     . . .     Faith    .   b - +0 scale mail
rPois    .         Spirit   .   g - +1 helmet
rElec    .         Reflect  .   (no cloak)
rCorr    .         Harm     .   (no gloves)
MR       .....                  (no boots)
Stlth    ..........             (no amulet)
HPRegen  0.15/turn              (no ring)
MPRegen  0.09/turn              (no ring)

@: no status effects
A: no striking features
a: no special abilities


You were on level 3 of the Dungeon.
You were not hungry.

You visited 1 branch of the dungeon, and saw 3 of its levels.

You collected 117 gold pieces.

Inventory:

Hand Weapons
 a - a +0 war axe (weapon)
 j - a +0 whip
Missiles
 e - 23 stones (quivered)
Armour
 b - a +0 scale mail (worn)
 c - a +0 shield
 g - a +1 helmet (worn)
Wands
 h - a wand of flame (5)
 m - a wand of polymorph (2)
 n - a wand of disintegration (11)
 o - a wand of acid (9)
Scrolls
 i - a scroll of remove curse
 p - a scroll of blinking {unknown}
Potions
 d - a potion of brilliance {unknown}
 k - 4 potions of curing {unknown}
 l - 2 potions of flight {unknown}
Comestibles
 f - 6 rations
 q - a chunk of flesh


   Skills:
 - Level 3.6 Fighting
 + Level 7.5 Axes
 - Level 3.2 Armour
 - Level 3.2 Shields


You had 4 spell levels left.
You didn't know any spells.

Dungeon Overview and Level Annotations

Branches:
Dungeon (3/15)

Altars:


Message History

The orc knight is lightly wounded.
The orc knight closely misses you.
You slash the orc knight!
The orc knight is moderately wounded.
The orc knight barely misses you.
You hit the orc knight but do no damage.
The orc knight is lightly wounded.
The orc knight barely misses you.
You slash the orc knight!
The orc knight is moderately wounded.
The orc knight hits you with an enchanted dire flail!
You hit the orc knight but do no damage.
The orc knight is moderately wounded.
The orc knight hits you with an enchanted dire flail.
* * * LOW HITPOINT WARNING * * *
You barely miss the orc knight.
The orc knight is moderately wounded.
The orc knight hits you with an enchanted dire flail!!
Ouch! That really hurt!
You die...

#.#.###.....).....
#.#.##........###.
#######.#o##.#..........
..........#####'''#####.
.#........# #..... #.
#.####o### #.⌠.#.⌠ #. #
#{# #.#.#o#. #. # #o#
#..# ⌠ #. #.. #@# .# #.
#(...#.### #.
..........# #.
..........# #.
#.......### ## ##....#.#
#....#.# #...>#.#
#..#....


You could see an orc knight and an orc.

Vanquished Creatures
  Natasha (thrice) (D:2 D:3)
  Robin (D:2)
  A gnoll (D:1)
  3 adders
  5 dart slugs
  2 leopard geckos
  2 orcs (D:3)
  3 ball pythons (D:2)
  8 bats
  2 bat skeletons (D:3)
  A bat zombie (D:3)
  3 giant cockroaches
  14 goblins
  4 hobgoblins
  A frilled lizard (D:2)
  3 kobolds
  2 rats (D:2)
58 creatures vanquished.

Vanquished Creatures (others)
  Ijyb (D:3)
  An orc (D:3)
  A bat skeleton (D:3)
3 creatures vanquished.

Grand Total: 61 creatures vanquished

Notes
Turn   | Place    | Note
-------+----------+-------------------------------------------
     0 | D:1      | HypnoRock the Hill Orc Fighter began the quest for the Orb.
     0 | D:1      | Reached XP level 1. HP: 19/19 MP: 1/1
    21 | D:1      | Reached skill level 3 in Axes
   168 | D:1      | Reached XP level 2. HP: 26/26 MP: 2/2
   265 | D:1      | Reached skill level 4 in Axes
   497 | D:1      | Reached XP level 3. HP: 28/31 MP: 3/3
   884 | D:2      | Noticed Robin
   911 | D:2      | Noticed Natasha
   931 | D:2      | Reached skill level 5 in Axes
   937 | D:2      | Killed Natasha
   937 | D:2      | Reached XP level 4. HP: 4/39 MP: 4/4
   953 | D:2      | Reached skill level 6 in Axes
  1215 | D:2      | Killed Robin
  1626 | D:3      | Noticed Natasha
  1635 | D:3      | Killed Natasha
  1635 | D:3      | Reached XP level 5. HP: 14/45 MP: 5/5
  1875 | D:3      | Reached skill level 7 in Axes
  2060 | D:3      | Became a worshipper of Beogh the Brigand
  2097 | D:3      | Killed Ijyb
  2142 | D:3      | Fell from the grace of Beogh
  2145 | D:3      | Noticed Natasha
  2152 | D:3      | Killed Natasha
  2216 | D:3      | Noticed an orc knight
  2227 | D:3      | Demolished by an orc knight

Skill      XL: |  1  2  3  4  5 |
---------------+----------------+-----
Axes           | 3 4 5 6 7 |  7.5
Fighting       | |  3.6
Armour         | |  3.2
Shields        | |  3.2

Action                   |  1- 3 |  4- 6 || total
-------------------------+-------+-------++-------
Melee: War axe           |    68 |   112 ||   180
Throw: Stone             |       |     1 ||     1
Invok: Renounce Religion |       |     1 ||     1
       Convert to Beogh  |       |     1 ||     1
Evoke: Wand              |       |     3 ||     3
  Use: Potion            |       |     1 ||     1
       Scroll            |       |     3 ||     3
  Eat: Ration            |       |     1 ||     1
       Chunk             |       |     1 ||     1
Armor: Scale mail        |    46 |    43 ||    89
Dodge: Dodged            |    41 |    52 ||    93
Block: Shield            |     9 |       ||     9
